 Dungeon Crawl Stone Soup version 0.28.0-45-g0d030f2227 (webtiles) character file.

Game seed: 7253633779020247288

10614 RepoMan the Grappler (level 11, -4/147 HPs)
             Began as a Troll Conjurer on Mar 30, 2022.
             Was a High Priest of Okawaru.
             Slain by a large slime creature (24 damage)
             ... on level 10 of the Dungeon on Apr 1, 2022.
             The game lasted 01:21:33 (11695 turns).

RepoMan the Grappler (Troll Conjurer)              Turns: 11695, Time: 01:21:34

Health: -4/147     AC: 25    Str: 17    XL:     11   Next: 38%
Magic:  21/23      EV:  1    Int: 18    God:    Okawaru [*****.]
Gold:   726        SH:  0    Dex:  8    Spells: 6/16 levels left

rFire   . . .      SeeInvis .     - Unarmed
rCold   . . .      Faith    .   (no shield)
rNeg    . . .      Spirit   .   (armour currently unavailable)
rPois   +          Reflect  .   (helmet currently unavailable)
rElec   .          Harm     .   (cloak currently unavailable)
rCorr   .          Rampage  .   (gloves unavailable)
Will    .....      NoTele   +   (boots unavailable)
Stlth   +++.......              (no amulet)
HPRegen 1.14/turn               c - ring of poison resistance
MPRegen 0.18/turn               p - ring of magical power

@: tree-form, heroic, studying Dodging
A: stationary, stasis, torment immunity, boosted hp, large, unfitting armour,
(claws 3), regeneration 1, (shaggy fur 1), (tough skin 1)
a: Renounce Religion, Heroism, Finesse, Duel


You were on level 10 of the Dungeon.
You worshipped Okawaru.
Okawaru was extremely pleased with you.
You were a tree.
You visited 2 branches of the dungeon, and saw 12 of its levels.

You collected 726 gold pieces.

Inventory:

Hand Weapons
 o - a +0 hunting sling
 u - a +0 scimitar of flaming
 x - the +0 staff of Battle
   (You found it on level 8 of the Dungeon)

   It enhances your conjuration magic.
   It summons a battlesphere in combat, with strength depending on Conjurations
   skill.
   Its strikes trigger the battlesphere's blasts.
 A - a +5 quick blade
Missiles
 C - 2 curare-tipped darts
Armour
 g - +0 steam dragon scales (melded)
 l - a scarf of shadows
 v - a +0 cloak (melded)
 y - a +1 hat (melded)
Jewellery
 c - a ring of poison resistance (left branch)
 p - a ring of magical power (right branch)
Wands
 k - a wand of iceblast (10)
 t - a wand of flame (15)
Scrolls
 a - 2 scrolls of amnesia
 b - a scroll of vulnerability
 d - 2 scrolls of magic mapping
 i - 6 scrolls of teleportation
 j - 2 scrolls of brand weapon
 n - 3 scrolls of fear
 q - a scroll of identify
 s - 2 scrolls of immolation
 z - a scroll of enchant weapon
Potions
 e - 3 potions of curing
 f - 2 potions of brilliance
 h - 3 potions of mutation
 m - 2 potions of lignification
 r - a potion of flight
 w - a potion of cancellation


   Skills:
 + Level 3.8(8.8) Fighting
 - Level 1.5(6.5) Dodging
 - Level 1.0(6.0) Stealth
 * Level 13.8(18.8) Unarmed Combat
 - Level 3.0 Spellcasting
 - Level 2.9 Conjurations
 * Level 6.0 Transmutations
 + Level 0.2 Air Magic
 - Level 2.0 Poison Magic
 + Level 3.4 Invocations


You had 6 spell levels left.
You knew the following spells:

 Your Spells              Type           Power      Damage    Failure   Level
a - Beastly Appendage     Tmut           48%        N/A       1%          1
g - Apportation           Tloc           4%         N/A       16%         1
i - Ignite Poison         Fire/Tmut/Pois 12%        N/A       16%         3
q - Magic Dart            Conj           52%        1d5       4%          1
v - Poisonous Vapours     Pois/Air       12%        N/A       16%         2
w - Wereblood             Tmut           24%        N/A       1%          2

Your spell library contained the following spells:

 Spells                   Type           Power      Damage    Failure   Level
 Searing Ray              Conj           26%        2d5       8%          2
 Spider Form              Tmut/Pois      17%        N/A       10%         3
 Slow                     Hex            8%         N/A       16%         1
 Corpse Rot               Necr/Air       6%         N/A       24%         2
 Conjure Flame            Conj/Fire      8%         6-21      26%         3
 Dazzling Flash           Conj/Hex       16%        N/A       26%         3
 Confusing Touch          Hex            2%         N/A       43%         3
 Vampiric Draining        Necr           2%         2d6       43%         3
 Fulminant Prism          Conj/Hex       4%         3d6       65%         4
 Iskenderun's Mystic Bla  Conj/Tloc      8%         2d4       65%         4
 Sticky Flame             Conj/Fire      8%         2d3       65%         4
 Passage of Golubria      Tloc           2%         N/A       85%         4
 Silence                  Hex/Air        1%         N/A       99%         5
 Conjure Ball Lightning   Conj/Air       4%         3x3d6     100%        6
 Discord                  Hex            1%         N/A       100%        8
 Disjunction              Tloc           1%         N/A       100%        8
 Lehudib's Crystal Spear  Conj/Erth      4%         10d3      100%        8
 Animate Skeleton         Necr           Unusable   N/A       N/A         1
 Summon Small Mammal      Summ           Unusable   N/A       N/A         1

Dungeon Overview and Level Annotations

Branches:
Dungeon (11/15)            Temple (1/1) D:5             Orc (0/2) D:9
   Lair: D:8-11

Altars:
Ashenzari
Cheibriados
Dithmenos
Elyvilon
Fedhas
Gozag
Hepliaklqana
Kikubaaqudgha
Makhleb
Nemelex Xobeh
Okawaru
Qazlal
Ru
Sif Muna
Trog
Uskayaw
Vehumet
Wu Jian
Xom
Yredelemnul
Zin
The Shining One
Beogh

Shops:
D:1 =


Innate Abilities, Weirdness & Mutations

You are a tree.
Your roots penetrate the ground, keeping you stationary.
You cannot be teleported.
You are immune to unholy pain and torment.
Your maximum health is greatly increased.
Your equipment is partially melded.
You are too large for most types of armour.
((You have claws for hands.))
Your natural rate of healing is unusually fast.
((You are covered in fur. (AC +1)))
((You have tough skin. (AC +1)))


Message History

Unknown command.
Okay, then.
Unknown command.
Really quaff the potion of lignification?
Your horns disappear.
Your talons disappear.
Your +1 hat unmelds from your body.
You turn into a tree.
Your +0 cloak melds into your body.
Your +1 hat melds into your body.
Your +0 steam dragon scales melds into your body.
Your roots penetrate the ground.
The large slime creature hits you but does no damage.
The large slime creature hits you!
* * * LOW HITPOINT WARNING * * *
You feel much better. The large slime creature hits you!!
* * * LOW HITPOINT WARNING * * *
The large slime creature hits you!
* * * LOW HITPOINT WARNING * * *
Unknown command.
Okay, then.
Unknown command.
Press: ? - help, v - describe, . - travel
Here: a large slime creature (moderately wounded)
The floor.
Unknown command.
Unknown command.
Okay, then.
Unknown command.
Okay, then.
Unknown command.
Unknown command.
Unknown command.
Okay, then.
Unknown command.
Press: ? - help, v - describe, . - travel
Here: a large slime creature (moderately wounded)
The floor.
Unknown command.
You pummel the large slime creature!! You punch the large slime creature!
The large slime creature is heavily wounded.
The large slime creature hits you!!
You die...

'▒▒▒▒▒▒▒▒ ▒▒▒▒▒▒▒▒'▒▒ ▒▒▒▒..)..
........▒ ▒.........▒ ▒........
........▒▒▒.........▒ ▒.▒▒.....
........'.▒.........▒▒▒▒▒.▒▒.....
........▒.▒.........▒...<.▒▒.....
........▒.'.........'.▒▒▒▒▒▒.....
........▒▒▒.........▒▒▒ ▒.....
........▒ ▒▒▒▒'▒▒▒▒▒▒ ▒▒▒▒.▒
'▒▒▒▒▒▒▒▒ ▒.J♣▒ ▒..▒ ).▒ ▒▒▒J▒
▒▒.▒▒ ▒)▒ ▒▒▒▒▒▒.▒▒▒▒ ▒..▒
▒'▒▒▒▒▒ ▒▒▒.......<.▒▒▒▒▒▒▒▒▒'▒▒▒
).....▒▒▒................▒.......
......▒...▒.........▒▒▒▒.'.......
..<...'.▒▒▒.........▒ ▒▒▒.....>.
......▒▒▒ ▒.........▒ ▒......>
......▒ ▒.........▒ ▒.......


You could see 2 large slime creatures.

Vanquished Creatures
  Gastronok (D:8)
  Erica (D:10)
  A two-headed ogre (D:8)
  A death yak (D:8)
  Maggie (D:9)
  Psyche (D:10)
  A troll (D:10)
  A polar bear (D:8)
  2 wyverns
  Eustachio (D:5)
  14 yaks
  2 steam dragons (D:7)
  7 orc warriors
  4 ice beasts
  A black bear (D:7)
  4 sky beasts (D:7)
  A wolf (D:8)
  2 centaurs
  3 kobold brigands
  A phantom (D:4)
  3 bullfrogs
  5 scorpions
  A wyvern skeleton (D:5)
  A water moccasin skeleton (D:4)
  2 howler monkeys (D:9)
  6 killer bees
  An electric eel (D:8)
  A vampire bat (D:6)
  2 bullfrog zombies
  A hound (D:6)
  2 bullfrog skeletons
  3 jellies
  9 orc priests
  A centaur skeleton (D:6)
  Ijyb (D:5)
  A gnoll shaman (D:6)
  3 iguanas
  7 orc wizards
  A hound skeleton (D:5)
  12 gnolls
  A howler monkey zombie (D:8)
  6 adders
  2 shadow imps
  A white imp (D:5)
  2 ufetubi
  2 adder skeletons (D:4)
  3 worms
  2 dart slugs
  39 orcs
  5 ball pythons
  5 bats
  5 endoplasms
  2 giant cockroaches (D:2)
  10 goblins
  12 hobgoblins
  4 quokkas
  4 frilled lizards
  22 kobolds
  3 rats
243 creatures vanquished.

Vanquished Creatures (others)
  5 plants
5 creatures vanquished.

Grand Total: 248 creatures vanquished

Notes
Turn   | Place    | Note
-------+----------+-------------------------------------------
     0 | D:1      | RepoMan the Troll Conjurer began the quest for the Orb.
     0 | D:1      | Reached XP level 1. HP: 16/16 MP: 1/1
   185 | D:1      | Reached skill level 1 in Unarmed Combat
   264 | D:1      | Reached XP level 2. HP: 26/26 MP: 0/2
   774 | D:1      | Found Yrhogh's One-of-a-Kind Rings.
  1116 | D:2      | Reached skill level 2 in Unarmed Combat
  1122 | D:2      | Reached skill level 1 in Fighting
  1229 | D:2      | Reached XP level 3. HP: 33/33 MP: 0/3
  2056 | D:3      | Reached skill level 3 in Unarmed Combat
  2056 | D:3      | Reached XP level 4. HP: 31/41 MP: 4/4
  2303 | D:3      | Found a faded altar of an unknown god.
  2440 | D:3      | Learned a level 1 spell: Beastly Appendage
  2550 | D:3      | Learned a level 2 spell: Wereblood
  2876 | D:3      | Reached XP level 5. HP: 49/49 MP: 5/5
  3293 | D:4      | Found a sparkling altar of Nemelex Xobeh.
  3378 | D:4      | Reached skill level 4 in Unarmed Combat
  3452 | D:4      | Reached skill level 1 in Transmutations
  3733 | D:4      | Noticed a phantom
  3738 | D:4      | Killed a phantom
  3739 | D:4      | Reached XP level 6. HP: 57/57 MP: 7/7
  3915 | D:4      | Reached skill level 5 in Unarmed Combat
  4135 | D:4      | Identified the +3 hand axe of Ebij {speed, Dex+4}
  4163 | D:4      | Reached XP level 7. HP: 48/63 MP: 9/9
  4465 | D:5      | Entered Level 5 of the Dungeon
  4622 | D:5      | Reached skill level 6 in Unarmed Combat
  4776 | D:5      | Found a hide-covered altar of Uskayaw.
  4778 | D:5      | Noticed Ijyb
  4805 | D:5      | Killed Ijyb
  4967 | D:5      | Learned a level 2 spell: Poisonous Vapours
  4971 | D:5      | Learned a level 3 spell: Ignite Poison
  5130 | D:5      | Reached skill level 7 in Unarmed Combat
  5236 | D:5      | Found a staircase to the Ecumenical Temple.
  5242 | Temple   | Entered the Ecumenical Temple
  5279 | Temple   | Became a worshipper of Warmaster Okawaru
  5329 | D:5      | Noticed Eustachio
  5340 | D:5      | Killed Eustachio
  5341 | D:5      | Reached skill level 1 in Poison Magic
  5341 | D:5      | Reached XP level 8. HP: 62/72 MP: 10/10
  5594 | D:5      | Found an opulent altar of Gozag.
  5924 | D:5      | Reached * piety under Okawaru
  5925 | D:5      | Reached skill level 8 in Unarmed Combat
  6400 | D:6      | Reached skill level 9 in Unarmed Combat
  6424 | D:6      | Reached ** piety under Okawaru
  6425 | D:6      | Reached XP level 9. HP: 72/79 MP: 11/11
  6594 | D:6      | Reached skill level 10 in Unarmed Combat
  6776 | D:6      | Found a bloodstained altar of Trog.
  7072 | D:7      | Found a stormy altar of Qazlal.
  7169 | D:7      | Reached skill level 11 in Unarmed Combat
  7284 | D:7      | Reached *** piety under Okawaru
  8279 | D:8      | Found the +0 staff of Battle
  8335 | D:8      | Noticed Gastronok
  8377 | D:8      | Killed Gastronok
  8377 | D:8      | Reached **** piety under Okawaru
  8378 | D:8      | Reached skill level 12 in Unarmed Combat
  8378 | D:8      | Reached XP level 10. HP: 83/87 MP: 2/13
  8557 | D:8      | Noticed a two-headed ogre
  8579 | D:8      | Killed a two-headed ogre
  8579 | D:8      | Reached ***** piety under Okawaru
  8580 | D:8      | Reached skill level 5 in Transmutations
  8809 | D:8      | Noticed a death yak
  8823 | D:8      | Killed a death yak
  8824 | D:8      | Reached skill level 1 in Invocations
  9075 | D:8      | Found a burning altar of Makhleb.
  9216 | D:8      | Reached skill level 13 in Unarmed Combat
  9497 | D:8      | Found a glowing golden altar of the Shining One.
  9497 | D:8      | Found a radiant altar of Vehumet.
  9548 | D:9      | Found a staircase to the Orcish Mines.
  9892 | D:9      | Identified the +6 mace "Fiabedd" {antimagic, rPois Str+3}
  9899 | D:9      | Found a blossoming altar of Fedhas.
  9970 | D:9      | Reached XP level 11. HP: 56/97 MP: 14/14
 10157 | D:9      | Noticed Maggie
 10167 | D:9      | Killed Maggie
 10863 | D:10     | Entered Level 10 of the Dungeon
 10887 | D:10     | Learned a level 1 spell: Apportation
 11054 | D:10     | Noticed Psyche
 11066 | D:10     | Received a gift from Okawaru
 11068 | D:10     | Killed Psyche
 11221 | D:10     | Noticed Erica
 11226 | D:10     | Killed Erica
 11695 | D:10     | Slain by a large slime creature

Illustrated notes

Levels and vault maps discovered:
D:1:      erik_arrival_cave_to_civilisation [erik_arrival_cave_to_hall],
          layout_basic, nicolae_shop_unique_rings
D:2:      layout_rooms, chequers_serial_rivers_micro_d, minmay_cupped
D:3:      corexii_shack_village, layout_basic,
          shapermc_ecumenical_altar_flowoftime
D:4:      minmay_octagon_keep, layout_loops_ring, nemelex_spade_bored_becter,
          minmay_vboxes
D:5:      layout_loops_corners, nicolae_uskayaw_murder_on_the_dancefloor,
          kennysheep_little_box, minmay_temple_entry_tees,
          kennysheep_generic_room_6, uniq_ijyb, uniq_eustachio
D:6:      layout_cave_pools, trog_butcher_becter, minivault_25, roderic_batcave,
          minmay_liquid_box
D:7:      layout_basic, nicolae_qazlal_general_emergency, hangedman_misty_isle
D:8:      layout_gridville, gammafunk_temple_overflow_forgotten, serial_ice,
          serial_ice_k, serial_ice_c, serial_ice_d, serial_ice_b, uniq_gastronok
D:9:      layout_roguey, fedhas_ov_isle_minmay, minmay_orc_entry_temple_small,
          uniq_maggie
D:10:     layout_roguey, uniq_psyche, uniq_erica
D:11:     nicolae_whirlpool, layout_basic, erik_lair_dragon, nrook_uturn
Temple:   cyrus_circular_temple

Skill      XL: |  1  2  3  4  5  6  7  8  9 10 11 |
---------------+----------------------------------+-----
Unarmed Combat | 1 2 3 4 5 7 9 12 13 | 13.8
Fighting       | 1 3 |  3.8
Transmutations | 1 2 4 5 6 |  6.0
Spellcasting   | 2 3 |  3.0
Poison Magic   | 1 2 |  2.0
Invocations    | 2 3 |  3.4
Dodging        | |  1.5
Stealth        | |  1.0
Conjurations   | |  2.9
Air Magic      | |  0.2

Action                   |  1- 3 |  4- 6 |  7- 9 | 10-12 || total
-------------------------+-------+-------+-------+-------++-------
Melee: Unarmed           |    81 |   115 |   201 |   115 ||   512
       Punch             |       |     2 |    10 |    11 ||    23
       Headbutt          |       |     7 |    20 |     5 ||    32
       Kick              |       |     5 |    28 |     7 ||    40
Throw: Dart              |     4 |       |     1 |     2 ||     7
 Cast: Magic Dart        |    44 |    90 |    90 |    28 ||   252
       Beastly Appendage |       |     6 |    29 |     6 ||    41
       Wereblood         |       |       |     3 |       ||     3
       Poisonous Vapours |       |       |    50 |    59 ||   109
       Ignite Poison     |       |       |    17 |    24 ||    41
Invok: Heroism           |       |       |       |     4 ||     4
Evoke: Wand              |       |       |     5 |     5 ||    10
  Use: Scroll            |     4 |     6 |     6 |     4 ||    20
       Potion            |       |     1 |     3 |     4 ||     8
Armor: Robe              |    21 |    15 |    51 |       ||    87
       Skin              |       |    10 |       |     1 ||    11
       Steam dragon scal |       |       |    15 |    50 ||    65
Dodge: Dodged            |    18 |    28 |    71 |    58 ||   175
